Cogmind - Beta 15 @@@ ROGUE MODE // 2025.08.31 @ 11:40:26 Player: beans Result: Destroyed by G-47 Trooper with Particle Gun Performance ------------- Evolutions (2) 1000 Regions Visited (3) 600 Robots Destroyed (105) 525 Value Destroyed (2515) 2515 Prototype IDs (1) 20 Alien Tech Used (0) 0 Bonus (484) 484 TOTAL SCORE: 5144 Bonus ------- High Alert Combat Kills 484 Cogmind --------- Core Integrity 0/550 Matter 72/300 Energy 100/100 System Corruption 1% Temperature Cool (9) Movement Core (100) Ox1 Location -8/Materials Parts ------- > --- POWER (1) -------- (None) > --- PROPULSION (2) --- (None) > --- UTILITY (6) ------ (None) > --- WEAPON (2) ------- Light Assault Rifle Autogun > --- INVENTORY (5) ---- Light Nuclear Core Peak State ------------ > --- POWER ------------ (None) > --- PROPULSION ------- Light Treads Advanced Treads > --- UTILITY ---------- Cooling System Compact Matter Pod Actuator Array Improved Utility Shielding > --- WEAPON ----------- Flak Cannon Advanced EMP Blaster > --- INVENTORY -------- Light Assault Rifle Autogun Flak Cannon Rocket Launcher Missile Launcher [Rating: 23] Favorites ----------- Power Ion Engine Engine Ion Engine Propulsion Advanced Treads Treads Advanced Treads Leg Aluminum Leg Utility Actuator Array Device Actuator Array Storage High-capacity Matter Pod Protection Improved Utility Shielding Weapon Grenade Launcher Energy Cannon Ion Cannon Ballistic Gun Light Assault Rifle Ballistic Cannon Flak Cannon Launcher Grenade Launcher Build | -11 -10 -9 -8 ------- Run | Yrd Mat Mat Mat Slots Evolved 4 | . . 2 2 Power . | . . . . Propulsion . | . . . . Utility 4 | . . 2 2 Weapon . | . . . . Parts Attached 26 | 6 2 8 10 Power 1 | 1 . . . Engine 1 | 1 . . . Core . | . . . . Reactor . | . . . . Propulsion 8 | 4 . 2 2 Treads 5 | 2 . 2 1 Leg 3 | 2 . . 1 Wheel . | . . . . Hover . | . . . . Flight . | . . . . Utility 5 | . 1 2 2 Device 2 | . . 2 . Storage 2 | . 1 . 1 Processor . | . . . . Hackware . | . . . . Protection 1 | . . . 1 Artifact . | . . . . Weapon 12 | 1 1 4 6 Energy Gun . | . . . . Energy Cannon 1 | . . . 1 Ballistic Gun 2 | 1 . . 1 Ballistic Cannon 2 | . . . 2 Launcher 7 | . 1 4 2 Special Weapon . | . . . . Impact Weapon . | . . . . Slashing Weapon . | . . . . Piercing Weapon . | . . . . Special Melee Weapon . | . . . . Unidentified Prototypes 1 | . . . 1 Parts Lost 20 | . . 7 13 Power 1 | . . 1 . Propulsion 6 | . . 2 4 Utility 5 | . . 1 4 Weapon 8 | . . 3 5 Highest Loss Streak 6 | . . 2 6 To Critical Strikes . | . . . . Average Backups 3 | . 1 3 4 Power . | . . . . Propulsion . | . . . . Utility . | . . . . Weapon 2 | . 1 1 3 Tool/Special . | . . . . Unused Backups 1 | . . . 1 Power 1 | . . . 1 Propulsion . | . . . . Utility . | . . . . Weapon . | . . . . Tool/Special . | . . . . Average Slot Usage (%) 63 | . 72 64 58 Engine 5 | . 14 6 . Treads 13 | . . 17 11 Leg 4 | . 28 2 . Device 15 | . . 16 17 Storage 4 | . 4 3 6 Protection 2 | . . . 6 Energy Cannon 1 | . . . 3 Ballistic Gun 4 | . 14 3 2 Ballistic Cannon 1 | . . . 6 Launcher 10 | . 10 14 3 Peak Build Rating 23 | 4 6 15 23 Average Rating 12 | 2 5 11 17 On Entrance 6 | . 4 6 14 Naked Turns 1 | . . . 1 Heaviest Build 22 | 6 13 22 22 Greatest Support 44 | 40 20 44 42 Greatest Overweight (x) 7 | 1 . 4 7 Average Overweight (x) . | . . . . Largest Inventory Capacity 5 | 5 5 5 5 Average Capacity 5 | 5 5 5 5 Most Carried 5 | 3 3 5 5 Average Carried 3 | . 1 3 4 Final Capacity 5 | 5 5 5 5 Final Carried 5 | . 2 5 1 Class Distribution -------------------- 100% | Mutant Dominant Class ---------------- Mutant | -10/Materials Mutant | -9/Materials Mutant | -8/Materials Resources | -11 -10 -9 -8 ----------- Run | Yrd Mat Mat Mat Matter Collected 2161 | 168 310 1163 520 Remotely . | . . . . Salvage Created 2529 | . 418 1392 719 Parts 165 | . 22 102 41 Haulers Intercepted 7 | . 2 4 1 Recyclers Shooed 7 | . 1 6 . Parts Field Recycled . | . . . . Retrieved Matter . | . . . . Parts Self-Destructed . | . . . . Prevented . | . . . . Kills | -11 -10 -9 -8 ------- Run | Yrd Mat Mat Mat Combat Hostiles Destroyed 47 | . 4 23 20 Guns 1 | . . . 1 Cannons 8 | . . . 8 AOE 38 | . 4 23 11 Classes Destroyed 14 | . 7 6 1 Worker 12 | . 2 4 6 Builder 11 | . 1 9 1 Tunneler 2 | . 1 . 1 Hauler 7 | . 2 4 1 Recycler 13 | . 3 9 1 Mechanic 1 | . . 1 . Operator 4 | . . 2 2 Watcher 8 | . 2 4 2 Swarmer 3 | . . . 3 Grunt 29 | . 4 13 12 Brawler 1 | . . 1 . Duelist 3 | . . 1 2 Protector 1 | . . 1 . Sentry 10 | . . 7 3 Best Kill Streak 19 | . 8 7 19 Combat Bots Only 9 | . 2 5 9 Max Kills in Single Turn 3 | . 2 3 2 Gunslinging . | . . . . Exploded 3 | . 1 3 1 Melee . | . . . . Uniques/NPCs Destroyed . | . . . . Combat | -11 -10 -9 -8 -------- Run | Yrd Mat Mat Mat Hostile Shots Fired 224 | . 5 80 139 Missed 84 | . 1 36 47 Hits 140 | . 4 44 92 Melee 1 | . . . 1 Projectile 139 | . 4 44 91 Critical Strikes 7 | . . . 7 Actively Blocked 2 | . . . 2 Damage Taken 2865 | . 223 1012 1630 Core 911 | . 46 303 562 Absorbed by Shields . | . . . . Redirected to Shielding 131 | . . . 131 Core Remaining (%) 68 | 100 81 24 . Volleys Fired 213 | . 21 109 83 Largest 2 | . 2 2 2 Hottest 97 | . 50 60 97 Shots Fired 278 | . 42 128 108 Gun 60 | . 21 17 22 Cannon 60 | . . . 60 Launcher 158 | . 21 111 26 Special . | . . . . Kinetic 92 | . 21 17 54 Thermal 28 | . . . 28 Explosive 158 | . 21 111 26 Electromagnetic . | . . . . Robot Hit Streak 14 | . 5 14 11 Robot Miss Streak 7 | . 1 2 7 Penetration Max . | . . . . Secondary Targets 1 | . . . 1 Max Gunslinging Chain 1 | . . . 1 Shots Hit Robots 133 | . 18 42 73 Core Hits 198 | . 26 94 78 Critical Kills . | . . . . Critical Parts Destroyed 1 | . 1 . . Critical Strikes 1 | . 1 . . Destroy 1 | . 1 . . Melee Attacks . | . . . . Impact . | . . . . Slashing . | . . . . Piercing . | . . . . Sneak Attacks . | . . . . Combat Hostiles . | . . . . Follow-up Attacks . | . . . . Damage Inflicted 8293 | . 1026 4305 2962 Guns 273 | . 45 81 147 Cannons 1029 | . . . 1029 Explosions 6991 | . 981 4224 1786 Melee . | . . . . Ramming . | . . . . Kinetic 843 | . 45 81 717 Thermal 608 | . . 149 459 Explosive 6842 | . 981 4075 1786 Electromagnetic . | . . . . Impact . | . . . . Slashing . | . . . . Piercing . | . . . . Highest Corruption 4 | . . 4 1 Average Corruption 3 | . . 4 1 Corruption Purged . | . . . . Corruption Blocked . | . . . . Effects 23 | . . 22 1 Message Errors 6 | . . 6 . Matter Fused 3 | . . 2 1 Heat Flow Errors 5 | . . 5 . Parts Fused 1 | . . 1 . Data Loss (minor) 1 | . . 1 . Data Loss (major) 3 | . . 3 . Misfires 1 | . . 1 . Alerts 1 | . . 1 . Weapon Failures 2 | . . 2 . Overload Shots . | . . . . Overflow Damage 257 | . 23 145 89 Projectiles 20 | . . . 20 Explosions 237 | . 23 145 69 Melee . | . . . . Knockbacks 15 | . . . 15 Impact . | . . . . Kinetic 15 | . . . 15 Secondary . | . . . . Self-Inflicted Damage 530 | . 184 166 180 Shots 25 | . 7 12 6 Rammed . | . . . . Targets Rammed . | . . . . Kicked . | . . . . Crushed . | . . . . Highest Temperature 175 | . 20 175 79 Average Temperature 26 | . 8 39 27 Received Heat Transfer 1146 | . 24 249 873 Siege Activations . | . . . . Martial Activations . | . . . . Shielding Activations . | . . . . Robots Disrupted . | . . . . Combat Hostiles . | . . . . Robots Corrupted . | . . . . Combat Hostiles . | . . . . Parts Fried . | . . . . Impact Corruptions . | . . . . Robots Melted . | . . . . Combat Hostiles . | . . . . Parts Melted . | . . . . Heat Transferred 840 | . . 100 740 Parts Sabotaged . | . . . . Parts Stolen . | . . . . Parts Stripped . | . . . . Power Chain Reactions 1 | . . . 1 Alert | -11 -10 -9 -8 ------- Run | Yrd Mat Mat Mat Maximum Alert Level 3 | . . 3 3 Low Security (%) 18 | 100 100 7 . Level 1 24 | . . 45 . Level 2 33 | . . 24 66 Level 3 22 | . . 23 33 Level 4 . | . . . . Level 5 . | . . . . High Security . | . . . . Max Security . | . . . . Peak Influence 1020 | . 183 1020 872 Initial 427 | . . 72 427 Average 462 | . 77 488 605 Influence Increases 2619 | . 273 1488 858 Destroy 0b10 Robot/C 920 | . 80 440 400 Destroy 0b10 Robot/NC 300 | . 55 175 70 Destroy Leader 270 | . 28 146 96 Disable Machine 345 | . . 225 120 Destroy Structure 784 | . 110 502 172 Influence Decreases 1774 | . 100 649 1025 Entered New Map 686 | . . 101 585 Time Decay 888 | . 100 478 310 Lost Part 200 | . . 70 130 Squads Dispatched 9 | . . 5 4 Investigation 1 | . . . 1 Extermination . | . . . . Reinforcement 6 | . . 3 3 Assault 2 | . . 2 . Garrison . | . . . . Intercept . | . . . . Searches Triggered . | . . . . Construction Impeded 4 | . . 2 2 Haulers Reinforced . | . . . . Active Scanning Responses . | . . . . Cargo Convoy Interrupts . | . . . . Stealth | -11 -10 -9 -8 --------- Run | Yrd Mat Mat Mat Distress Signals 7 | . . 5 2 Communications Jammed . | . . . . Distress Signals . | . . . . Times Spotted 71 | . 6 38 27 Peak Tracking Total 6 | . 2 6 4 Tactical Retreats . | . . . . Traps | -11 -10 -9 -8 ------- Run | Yrd Mat Mat Mat Traps Triggered 2 | . . . 2 Indirectly . | . . . . Trap Hack Attempts . | . . . . Triggered . | . . . . Disarmed . | . . . . Reprogrammed . | . . . . Reused . | . . . . Traps Extracted . | . . . . Installed . | . . . . Triggered . | . . . . Machines | -11 -10 -9 -8 ---------- Run | Yrd Mat Mat Mat Machines Disabled 25 | . . 17 8 Max in Single Turn 2 | . . 2 2 Machines Repaired . | . . . . Machines Dismantled . | . . . . Machines Sabotaged . | . . . . Overloaded Fab Kills . | . . . . Hacking | -11 -10 -9 -8 --------- Run | Yrd Mat Mat Mat Machines Accessed 4 | . . 3 1 Terminals 3 | . . 3 . Fabricators . | . . . . Repair Stations . | . . . . Recycling Units 1 | . . . 1 Scanalyzers . | . . . . Garrison Access . | . . . . Total Hacks 6 | . . 3 3 Successful 1 | . . . 1 Failed 5 | . . 3 2 Catastrophic 1 | . . 1 . Database Lockouts . | . . . . Manual 3 | . . 3 . Terminals 3 | . . 3 . Fabricators . | . . . . Repair Stations . | . . . . Recycling Units 3 | . . . 3 Scanalyzers . | . . . . Garrison Access . | . . . . Terminal Hacks . | . . . . Fabricator Hacks . | . . . . Repair Station Hacks . | . . . . Recycling Unit Hacks 1 | . . . 1 Process 1 | . . . 1 Scanalyzer . | . . . . Garrison Access Hacks . | . . . . Unauthorized Hacks . | . . . . Terminals . | . . . . Fabricators . | . . . . Repair Stations . | . . . . Recycling Units . | . . . . Scanalyzers . | . . . . Garrison Access . | . . . . Data Cores Recovered . | . . . . Used . | . . . . Hacking Detections 2 | . . 1 1 Full Trace Events 1 | . . . 1 Feedback Events . | . . . . Feedback Blocked . | . . . . Robot Schematics Acquired . | . . . . Robots Built . | . . . . Authchips . | . . . . Time . | . . . . Total Robot Build Rating . | . . . . Part Schematics Acquired . | . . . . Parts Built . | . . . . Authchips . | . . . . Time . | . . . . Total Part Build Rating . | . . . . Parts Repaired . | . . . . Time . | . . . . Parts Recycled . | . . . . Recycled Matter 87 | . . . 87 Retrieved Matter . | . . . . Retrieved Components . | . . . . Parts Scanalyzed . | . . . . Part Schematics Acquired . | . . . . Parts Damaged . | . . . . Bothacking | -11 -10 -9 -8 ------------ Run | Yrd Mat Mat Mat Used RIF Installer . | . . . . Robots Hacked . | . . . . Non-combat . | . . . . Combat . | . . . . Robot Hacks Applied . | . . . . Relay Couplers Released . | . . . . Fabnet Peak Effective % . | . . . . Robots Rewired . | . . . . Allies Hacked . | . . . . Hacks Repelled . | . . . . Allies | -11 -10 -9 -8 -------- Run | Yrd Mat Mat Mat Total Allies . | . . . . Largest Group . | . . . . Highest-Rated Group . | . . . . Highest-Rated Ally . | . . . . Total Orders . | . . . . Ally Attacks . | . . . . Total Damage . | . . . . Kills . | . . . . Allies Corrupted . | . . . . Allies Melted . | . . . . Intel | -11 -10 -9 -8 ------- Run | Yrd Mat Mat Mat Active Infowar (turns) . | . . . . Robot Analysis Total . | . . . . Derelict Logs Recovered . | . . . . Drone Launches . | . . . . Drone Recoveries . | . . . . Exploration | -11 -10 -9 -8 ------------- Run | Yrd Mat Mat Mat Turns Passed 2235 | 69 257 1228 681 Spaces Moved 1142 | 53 161 644 284 Core 84 | 23 . 31 30 Treads 794 | 8 . 551 235 Legs 264 | 22 161 62 19 Wheels . | . . . . Hover . | . . . . Flight . | . . . . Fastest Speed 50 | 50 120 120 50 Average Speed 147 | 107 120 150 163 Slowest Speed 400 | 160 120 250 400 Overloaded Moves . | . . . . Propulsion Burnouts . | . . . . Robots Hopped . | . . . . Potential Cave-ins 13 | . . 13 . Cave-ins Triggered 1 | . . 1 . Exploration Rate (%) 36 | 3 45 62 36 Regions Visited 3 Branch Regions . Pre-discovered Areas . | . . . . Known Exits Taken . | . . . . Unknown Exits Taken 3 | 1 1 1 . Scrap Searched . | . . . . Spaces Dug 192 | . 26 124 42 Terrain Destroyed 968 | . 131 621 216 Melee . | . . . . Projectile 2 | . . . 2 AOE 966 | . 131 621 214 Terrain Rammed . | . . . . Walls Destroyed . | . . . . Machines Disabled . | . . . . Actions | -11 -10 -9 -8 --------- Run | Yrd Mat Mat Mat Total 1423 | 66 187 777 393 Wait 5 | . . 5 . Move 1138 | 52 160 642 284 Hop . | . . . . Pick Up 27 | 6 4 10 7 Fast Attach 1 | . . . 1 Attach 24 | 6 2 7 9 Detach . | . . . . Swap 9 | . . 3 6 Drop 5 | 2 . . 3 Fire 213 | . 21 109 83 Melee . | . . . . Ram . | . . . . Kick . | . . . . Crush . | . . . . Escape Stasis 1 | . . 1 . Rewire . | . . . . Trap . | . . . . Miscellaneous . | . . . . Route ------- -11/Scrapyard -10/Materials -9/Materials (discovered 4 exits: *Mat x3 / [*Min]) -8/Materials History --------- Turn | Location | Event 11 | -11/Scrapyard | Discovered new exit (range 15) 70 | -11/Scrapyard | Entered Materials 305 | -10/Materials | Build established: Mutant 313 | -10/Materials | Discovered new exit (range 13) 327 | -10/Materials | Entered another Materials area 327 | -9/Materials | Evolved 2 slots: Utility x2 719 | -9/Materials | Crushed by falling debris 747 | -9/Materials | Core integrity fell below 50% 860 | -9/Materials | Discovered new exit (range 11) 1127 | -9/Materials | First assault squad dispatched 1209 | -9/Materials | Discovered new exit (range 16) 1295 | -9/Materials | Discovered new exit (range 13) 1514 | -9/Materials | Discovered new exit (range 15) 1555 | -9/Materials | Entered another Materials area 1555 | -8/Materials | Evolved 2 slots: Utility x2 2020 | -8/Materials | Lost 3 parts (2n1w) 2070 | -8/Materials | Destroyed 9 combat bots 2129 | -8/Materials | Core integrity fell below 50% 2163 | -8/Materials | Core integrity fell below 20% 2194 | -8/Materials | Lost 6 parts (1n2u3w) 2234 | -8/Materials | Lost 3 parts (2u1w) 2236 | -8/Materials | Destroyed by G-47 Trooper with Particle Gun Last Messages --------------- The unstable cave ceiling collapses. U-05 Engineer lays Concrete. U-05 Engineer builds a Wall. U-05 Engineer lays Concrete. U-05 Engineer builds a Wall. U-05 Engineer lays Concrete. Processing Tank disabled. U-05 Engineer lays Concrete. K-01 Serf collects debris. U-05 Engineer lays Concrete. K-01 Serf collects debris. The unstable cave ceiling collapses. U-05 Engineer builds a Wall. K-01 Serf collects debris. G-47 Trooper destroyed. Switching to secondary target: G-47 Trooper. K-01 Serf collects debris. U-05 Engineer lays Concrete. U-05 Engineer builds a Wall. K-01 Serf collects debris. Map ----- +----------------------------------------------------+ | #?# ##?????????????????????????????????? | | # ??????????????????????????????????? | | # " !"""??????????????????????????????????? | | ### # !%"""??????????????????????????????????? | | ??# # *[""" """??????????????????????????????? | | ??# # [ #????????????????????????????? | | ### / #????????????????????????????? | | # *########???????????????????????????????????? | | # #??? ???????????? ?????????????????????? | | # = #? ???????????? ????????????????????? | | ## # # #? #??????????? ????????????????????? | | # # = # #??????????? ???? ??????????????? | | # #=# # #?????????? ??? ????????????? | | ##### # #?????????? """ ????????????? | | ????# ### #?????????? "T" ???????????? | | ???## ### #?????????? " " ???????????? | | ##?##!### #?????????? a ???????????? | | "" ## # # #?????????? k ????????????? | | T" ##=# # ###???????? ?????????????? | | # # # # ######## ??????????????? | | [## #%# k # # # ### """"??????????????? | | +#### ##### # ### """"??????????????? | | ==%!= k % % u """"" ????????? | | * ! *= ????????? | | " " * = ! k ????????? | | """ #########+###=# @ """"" ????????? | | """ # # ==] # # ## g """"?????????????? | | ## ## % # #%= """"??????????????? | | ?#### #""" # ?????????????? | | """ ????# = #"R + ????????????? | | """ ????# """ #""" # """"" ???????????? | | """ ????# """ # # """"" ? ??????????? | | ? ????# "Y" """ # = # """"??????????????? | | ?? ????# """ #? # ???????????????? | | ? ?????###########?##### ???????????????? | | ? ??????????????????????? "???????????????? | | ? ??????????????????????? """???????????????? | | ? ??????????????????????? "?????????????????? | | ??????????????????????????? ?????????????????? | | ????????????????????????????? ???????????????????? | | ?????????????????????????????????????????????????? | | ?????????????????????????????????????????????????? | | ?????????????????????????????????????????????????? | | ?????????????????????????????????????????????????? | | ?????????????????????????????????????????????????? | | ?????????????????????????????????????????????????? | | ?????????????????????????????????????????????????? | | ?????????????????????????????????????????????????? | | ?????????????????????????????????????????????????? | | ?????????????????????????????????????????????????? | +----------------------------------------------------+ Best States ------------- Heat Dissipation 53 Energy Generation 10 Energy Capacity 250 Matter Stores 294 Matter Capacity 500 Sight Range 16 Terrain Scan Density 10 Utility Shielding 66 Evasion (%) 55 Recoil Reduction 2 Item Schematics ----------------- None Robot Schematics ------------------ None Fabricated ------------ Nothing Repaired ---------- Nothing Alien Tech Used ----------------- None Achievements -------------- None Challenges ------------ None Game ------ Seed ThunderEnergyReplica Manual? 0 Play Time 00:24:37 Cumulative 117.9 hours Start 2025.08.31 @ 11:10:16 End 2025.08.31 @ 11:40:26 Sessions 1 Manual Loads 0 Difficulty Rogue Special Mode None Game No. 428 Rogue 428 Adventurer 0 Explorer 0 Win Type - Total 0 Types 0/0/0/0/0/0/0/0/0/0 Lore% 46 Gallery% 44 Achievement% 31 Wizard Run 0 Options --------- Layout 2 ASCII 0 Keyboard 0 Movement Mouse Keybinds 0 Fullscreen 2 Font 24/Smallcaps Map View 50x44 Zoom Use 0% Tactical HUD 0 Map Filters NONE Filters NONE Steam 1 RUN: 51dd3f2c-03e1-4e13-a176-e62f47d71415